 Dungeon Crawl Stone Soup version 0.31.0-32-g396128a36d (webtiles) character file.

Game seed: 6729634910579116319

329 tizbic2 the Shooter (level 6, 0/51 HPs)
             Began as a Ghoul Hunter on Mar 24, 2024.
             Slain by an orc wizard
             ... wielding a +0 dagger
              (1 damage)
             ... on level 3 of the Dungeon.
             The game lasted 00:06:17 (1236 turns).

tizbic2 the Shooter (Ghoul Hunter)                  Turns: 1236, Time: 00:06:17

Health: 0/51       AC:  6    Str: 12 (15) XL:     6   Next: 50%
Magic:  6/6        EV:  7    Int:  5 (8)  God:
Gold:   74         SH:  8    Dex: 12 (14) Spells: 5/5 levels left

rFire   . . .        m - +0 sling
rCold   + . .        d - +0 kite shield
rNeg    + + +        i - +0 scale mail
rPois   ∞            (no helmet)
rElec   .            (no cloak)
rCorr   .            (no gloves)
SInv    .            (no boots)
Will    .....        (no amulet) Stlth
                     (no ring)
HPRegen 0.00/turn    (no ring)
MPRegen 0.10/turn

%: no passive effects
@: inhibited regen
A: claws 1, cold resistance 1, negative energy resistance 3, inhibited
regeneration, torment resistance 2, devour on kill
a: no special abilities


You were on level 3 of the Dungeon.
You visited 1 branch of the dungeon, and saw 3 of its levels.

You collected 74 gold pieces.

Inventory:

Hand Weapons
 m - a +0 sling (weapon)
 w - a +1 shortbow of electrocution
Missiles
 j - a throwing net
Armour
 c - a +0 leather armour
 d - a +0 kite shield (worn)
 i - a +0 scale mail (worn)
Wands
 k - a wand of polymorph (12)
Scrolls
 b - a scroll of butterflies
 h - a scroll of torment {unknown}
 l - a scroll of fear
Potions
 a - a potion of brilliance
 e - a potion of might


   Skills:
 + Level 3.5 Fighting
 + Level 4.3 Ranged Weapons
 + Level 2.6 Dodging
 - Level 1.2 Stealth
 * Level 2.6 Shields
 * Level 3.4 Unarmed Combat


You had 5 spell levels left.
You didn't know any spells.
Your spell library was empty.

Dungeon Overview and Level Annotations

Branches:
Dungeon (3/15)

Altars:

Annotations:
D:2 1 runed translucent door, Crazy Yiuf


Innate Abilities, Weirdness & Mutations

You are immune to poison.
You have sharp fingernails.
Your flesh is cold resistant. (rC+)
You are immune to negative energy. (rN+++)
You do not regenerate when monsters are visible.
You are immune to unholy pain and torment.
You thrive by killing the living.


Message History

You block something's attack.
You shoot a sling bullet. The sling bullet hits the orc.
You kill the orc!
You feel better. You block something's attack.
You shoot a sling bullet.
You hear some strange, mumbled words.
You are confused.
Something hits you but does no damage.
You clumsily bash something.
Something hits you.
* * * LOW HITPOINT WARNING * * *
Something hits you but does no damage.
You closely miss something.
An orc wizard appears from thin air!
Reactivating autopickup.
The orc wizard hits you but does no damage.
You bump into the rock wall.
The orc wizard hits you with a +0 dagger.
* * * LOW HITPOINT WARNING * * *
The orc wizard hits you with a +0 dagger.
* * * LOW HITPOINT WARNING * * *
You bump into the rock wall.
The orc wizard points at you and mumbles some strange words.
The puff of flame hits you.
* * * LOW HITPOINT WARNING * * *
It was a potion of brilliance.
You feel clever all of a sudden.
You feel less confused.
The orc wizard gestures wildly while chanting.
The orc wizard flickers and vanishes!
Deactivating autopickup; reactivate with Ctrl-A.
It was a potion of degeneration.
There was something very wrong with that liquid.
You feel weakened.
You feel dopey.
You feel clumsy. Something hits you but does no damage.
It was a potion of cancellation.
Your magical effects are unravelling.
You feel magically purged.
You feel a little less mighty now.
You feel a little less clever now. You block something's attack.
You shoot a sling bullet. Something hits you but does no damage.
Something hits you.
You die...

#.###.#.#
#..........#
###.###.###.#.#..
<.......#.....#..
#######.#.#.# #..
#...#.# ..#
#.###.###.#
#.).......#
######.##@#
#..{.# ####)# #)#
... ..... #####.#
##


There were no monsters in sight!

Vanquished Creatures
  Sigmund (D:2)
  An orc priest (D:3)
  Ijyb (D:3)
  5 adders
  A dart slug (D:2)
  A ribbon worm (D:2)
  2 orcs (D:3)
  4 ball pythons
  An endoplasm (D:1)
  4 giant cockroaches
  2 goblins
  6 hobgoblins
  3 jackals (D:2)
  6 bats
  A frilled lizard (D:1)
  3 kobolds
42 creatures vanquished.

Vanquished Creatures (others)
  An orc wizard (D:3)
1 creature vanquished.

Grand Total: 43 creatures vanquished

Notes
Turn   | Place    | Note
-------+----------+-------------------------------------------
     0 | D:1      | tizbic2 the Ghoul Hunter began the quest for the Orb.
     0 | D:1      | Reached XP level 1. HP: 17/17 MP: 1/1
   387 | D:1      | Reached XP level 2. HP: 24/24 MP: 2/2
   554 | D:2      | Reached skill level 1 in Unarmed Combat
   594 | D:2      | Reached XP level 3. HP: 23/30 MP: 3/3
   657 | D:2      | Found a runed translucent door.
   658 | D:2      | Noticed Crazy Yiuf
   741 | D:2      | Reached skill level 1 in Shields
   830 | D:2      | Noticed Sigmund
   838 | D:2      | Killed Sigmund
   839 | D:2      | Reached skill level 4 in Ranged Weapons
   839 | D:2      | Reached XP level 4. HP: 26/38 MP: 4/4
   839 | D:2      | Reached XP level 5. HP: 31/45 MP: 5/5
   967 | D:2      | Reached XP level 6. HP: 50/51 MP: 6/6
  1140 | D:3      | Noticed Ijyb
  1144 | D:3      | Killed Ijyb
  1232 | D:3      | HP: 1/51 [orc wizard/puff of flame (5)]
  1236 | D:3      | Slain by an orc wizard

Illustrated notes

Levels and vault maps discovered:
D:1:      minmay_arrival_three_doors, layout_basic
D:2:      layout_basic, basic_altar, uniq_sigmund, uniq_crazy_yiuf_cottage
D:3:      layout_loops_ring, minmay_misc_feat_roman, uniq_ijyb

Skill      XL: |  1  2  3 |
---------------+----------+-----
Unarmed Combat | 1 3 |  3.4
Dodging        | 2 |  2.6
Shields        | 2 |  2.6
Fighting       | 3 |  3.5
Ranged Weapons | 4 |  4.3
Stealth        | |  1.2

Action                     |  1- 3 |  4- 6 || total
---------------------------+-------+-------++-------
  Melee: Unarmed           |    23 |       ||    23
         Sling             |       |     4 ||     4
   Fire: Shortbow          |    81 |    40 ||   121
         Sling             |       |    28 ||    28
    Use: Scroll            |     4 |       ||     4
         Potion            |       |     4 ||     4
 Armour: Leather armour    |    31 |       ||    31
         Scale mail        |     8 |    84 ||    92
  Dodge: Dodged            |    42 |    60 ||   102
  Block: Kite shield       |     4 |    16 ||    20
